Map: Acropolis LE

Players

Akarichan - Winner!

  • Race: Terran Terran
  • League: Master
  • Spawn Location: 11:00

RinX

  • Race: Zerg Zerg
  • League: Master
  • Spawn Location: 5:00

VOD

Have the link to the VOD?

Description

Time

  • Played on: June 16, 2019, 4:10 a.m.
  • Length: 9:16
Show
View Real Time Build Order
Export as new Build Order

Akarichan Terran - Winner!

Build Orders: 2 Factory 

Get SALT Encoding   

  12  0:01  SCV  
  13  0:13  SCV  
  14  0:18  Supply Depot  
  14  0:25  SCV  
  15  0:40  SCV  
  15  0:41  Barracks  
  16  0:46  Refinery  
  16  0:52  SCV  
  17  1:04  SCV  
  18  1:16  SCV  
  19  1:28  Orbital Command  
  19  1:30  Barracks Reactor  
  19  1:43  Command Center  
  19  1:51  Supply Depot  
  20  1:54  SCV  
  20  2:06  SCV, Marine x2  
  23  2:14  Factory  
  23  2:18  SCV  
  24  2:24  Marine x2  
  24  2:25  Refinery  
  26  2:30  SCV  
  27  2:42  SCV  
  28  2:45  Factory  
  28  2:55  SCV  
  28  2:56  Orbital Command  
  29  3:07  SCV  
  29  3:08  Hellion x2  
  34  3:19  SCV  
  35  3:23  SCV  
  36  3:28  Factory Tech Lab  
  36  3:31  SCV  
  36  3:33  Hellion x2  
  41  3:35  SCV  
  41  3:40  Supply Depot  
  42  3:42  Supply Depot  
  42  3:43  SCV  
  42  3:46  Infernal Pre-Igniter  
  42  3:47  SCV  
  42  3:48  Hellion  
  46  4:01  SCV x2  
  48  4:07  Hellion  
  48  4:08  Hellion  
  48  4:09  Hellion  
  50  4:12  Supply Depot  
  50  4:13  SCV x2  
  52  4:25  SCV x2  
  52  4:29  Hellion x2  
  58  4:36  Hellion  
  58  4:37  SCV x2  
  62  4:41  Supply Depot  
  62  4:47  Command Center  
  62  4:48  Refinery  
  62  4:50  Hellion, SCV x2  
  62  4:51  Refinery  
  66  5:00  Factory  
  66  5:02  Factory, SCV x2  
  66  5:03  Factory  
  68  5:14  SCV x2  
  70  5:15  Cyclone  
  70  5:16  Hellion x2  
  77  5:26  SCV  
  68  5:52  Hellion, Cyclone  
  68  5:53  Factory Reactor, Factory Tech Lab  
  68  5:54  Factory Reactor  
  65  5:58  Hellion  
  65  6:00  Armory, SCV  
  65  6:03  Orbital Command  
  68  6:08  SCV  
  69  6:12  SCV  
  69  6:14  Hellion  
  69  6:17  Cyclone  
  75  6:18  Supply Depot  
  75  6:20  Hellion, SCV  
  75  6:24  SCV, Cyclone  
  82  6:32  Orbital Command  
  76  6:33  SCV  
  76  6:34  Hellion x3  
  76  6:35  Hellion  
  76  6:37  Hellion  
  87  6:40  Mag-Field Accelerator  
  87  6:41  Hellion  
  89  6:47  SCV, Supply Depot  
  89  6:50  Terran Vehicle And Ship Armor Level 1, Cyclone  
  89  6:53  SCV  
  89  6:54  Supply Depot  
  94  6:55  Hellion  
  94  6:56  Cyclone  
  94  6:57  Hellion  
  101  7:08  SCV x2  
  101  7:09  Hellion x3  
  112  7:15  SCV  
  112  7:16  Hellion  
  112  7:18  Supply Depot  
  112  7:20  SCV x2, Supply Depot  
  112  7:22  Cyclone  
  117  7:35  Command Center  
  117  7:39  SCV x3, Cyclone  
  117  7:40  Hellion  
  117  7:43  Hellion x4  
  133  7:51  SCV x3  
  133  7:54  Cyclone  
  133  7:56  Hellion  
  141  8:15  Supply Depot  
  141  8:16  Supply Depot  
  141  8:17  Engineering Bay  
  141  8:27  Command Center  
  141  8:37  Widow Mine x2, Hellion x3, SCV x3, Cyclone  
  157  8:43  Cyclone  
  157  8:47  Hellion  
  159  8:57  Factory, Supply Depot x2  
  159  8:58  Factory x2  
Show
View Real Time Build Order
Export as new Build Order

RinX Zerg 

Build Orders: Hatch First 

Get SALT Encoding   

  12  0:02  Drone  
  13  0:12  Overlord  
  13  0:21  Drone  
  14  0:31  Drone x2  
  14  0:35  Drone  
  17  0:52  Hatchery  
  17  0:54  Drone  
  17  0:57  Drone  
  18  1:08  Extractor  
  17  1:12  Spawning Pool  
  17  1:15  Drone  
  18  1:18  Drone  
  18  1:28  Drone  
  19  1:40  Overlord  
  19  1:59  Queen  
  19  2:00  Zergling x4  
  23  2:04  Queen  
  23  2:06  Drone  
  26  2:17  Hatchery  
  26  2:21  Drone x2  
  27  2:37  Metabolic Boost  
  27  2:39  Drone  
  27  2:40  Drone  
  27  2:42  Drone x2  
  31  2:50  Overlord  
  31  2:53  Drone  
  31  2:54  Drone  
  31  2:57  Queen  
  35  3:04  Overlord  
  35  3:11  Drone  
  36  3:18  Overlord  
  36  3:22  Drone x4  
  40  3:30  Drone x3  
  40  3:32  Queen  
  45  3:36  Queen  
  45  3:39  Overlord  
  47  3:44  Drone x2  
  49  3:51  Drone  
  49  3:54  Zergling x10  
  55  3:58  Baneling Nest  
  55  4:02  Drone x2  
  52  4:05  Drone x2  
  52  4:08  Drone x2  
  56  4:16  Drone x3  
  59  4:19  Spore Crawler  
  59  4:23  Drone  
  59  4:24  Drone x3  
  62  4:26  Spore Crawler, Drone  
  62  4:31  Overlord  
  62  4:33  Queen  
  63  4:39  Drone x2  
  63  4:40  Overlord  
  63  4:45  Overlord  
  65  4:49  Queen  
  65  4:51  Drone  
  65  4:52  Drone x4  
  72  4:59  Lair  
  72  5:03  Extractor  
  72  5:04  Extractor  
  70  5:07  Overlord x2  
  70  5:08  Zergling x2  
  70  5:09  Zergling x6  
  74  5:14  Overlord  
  70  5:33  Zergling x14  
  69  5:40  Zergling x4  
  67  5:46  Drone x4  
  67  5:49  Drone  
  71  5:50  Drone  
  71  5:52  Drone  
  71  5:53  Drone x2  
  71  5:56  Drone  
  75  6:02  Drone  
  75  6:03  Drone  
  77  6:05  Extractor  
  77  6:06  Extractor  
  77  6:08  Spire  
  74  6:13  Drone x2  
  74  6:14  Drone  
  77  6:19  Extractor  
  73  6:28  Drone x4  
  73  6:32  Drone  
  71  6:36  Drone x2  
  73  6:42  Drone  
  73  6:43  Drone x3  
  73  6:45  Spine Crawler  
  76  6:56  Drone x6  
  82  7:02  Roach Warren  
  81  7:10  Overlord x2  
  81  7:20  Mutalisk x2  
  81  7:21  Mutalisk x6  
  97  7:26  Hatchery  
  97  7:28  Zergling x6  
  97  7:29  Zergling x2  
  100  7:40  Drone x4  
  100  7:41  Evolution Chamber, Drone x3  
  100  7:42  Evolution Chamber  
  105  7:44  Baneling x7  
  105  7:45  Baneling x5  
  105  7:48  Zergling x8  
  109  7:57  Hatchery  
  109  7:58  Baneling x8  
  108  8:05  Zergling x12  
  114  8:22  Overlord x3  
  114  8:23  Overlord  
  100  8:51  Zergling x28  
Tags
 
Add a new tag
Caveats
  • Supply blocks, unpowered buildings, or Contaminate may cause inaccurate times.
  • Supply counts are checked every 10 seconds.